 Dungeon Crawl Stone Soup version 0.22.1-6-g1668fe2 (webtiles) character file.

63 Kairos the Skirmisher (level 4, -2/24 HPs)
             Began as a Vine Stalker Fighter on Jan 26, 2019.
             Slain by an orc warrior
             ... wielding a +0 flail
              (7 damage)
             ... on level 2 of the Dungeon.
             The game lasted 00:00:57 (833 turns).

Kairos the Skirmisher (Vine Stalker Fighter)         Turns: 833, Time: 00:00:58

Health: -2/24      AC:  9    Str: 25    XL:     4   Next: 9%
Magic:  0/5        EV:  5    Int:  8    God:
Gold:   67         SH: 10    Dex: 13    Spells: 3/3 levels left

rFire    . . .     SeeInvis .   a - +0 war axe
rCold    . . .     Gourm    .   c - +0 shield
rNeg     . . .     Faith    .   k - +0 chain mail
rPois    .         Spirit   +   (no helmet)
rElec    .         Reflect  .   (no cloak)
rCorr    .         Harm     .   (no gloves)
MR       .....                  (no boots)
Stlth    ..........             (no amulet)
HPRegen  0.48/turn              (no ring)
MPRegen  0.09/turn              (no ring)

@: mighty
A: fangs 2, regeneration 1, magic shield, antimagic bite, no potion heal 3, rot
immunity
a: no special abilities


You were on level 2 of the Dungeon.
You were not hungry.

You visited 1 branch of the dungeon, and saw 2 of its levels.

You collected 67 gold pieces.

Inventory:

Hand Weapons
 a - a +0 war axe (weapon)
Armour
 b - a +0 scale mail
 c - a +0 shield (worn)
 k - a +0 chain mail (worn)
Scrolls
 e - a scroll of teleportation {unknown}
 i - a scroll of fog {unknown}
 j - a scroll of blinking {unknown}
 l - a scroll of remove curse {unknown}
Potions
 g - a potion of cancellation {unknown}
 h - a potion of heal wounds {unknown}
 m - a potion of mutation {unknown}
Comestibles
 f - 2 rations


   Skills:
 + Level 3.2 Fighting
 + Level 2.3 Axes
 + Level 3.0 Armour
 + Level 0.1 Stealth
 + Level 3.0 Shields


You had 3 spell levels left.
You didn't know any spells.
Your spell library was empty.

Dungeon Overview and Level Annotations

Branches:
Dungeon (2/15)

Altars:


Innate Abilities, Weirdness & Mutations

You have extremely sharp teeth.
Your natural rate of healing is unusually fast.
When hurt, damage is shared between your health and your magic reserves.
Your bite disrupts and absorbs the magic of your enemies.
Potions cannot restore your health.
You are immune to rotting.


Message History

You slash the orc! You block the orc warrior's attack.
The orc completely misses you.
You barely miss the orc. You bite the orc.
You kill the orc!
You barely miss the orc warrior. The orc warrior hits you with a flail.
The orc throws a tomahawk.
The tomahawk barely misses you. The orc hits you but does no damage.
You block the orc warrior's attack.
You completely miss the orc warrior. Your bite misses the orc warrior.
You slash the orc!
You kill the orc!
The orc warrior hits you with a flail!!
Ouch! That really hurt!
* * * LOW HITPOINT WARNING * * *
You are too injured to fight recklessly!
You are too injured to fight recklessly!
There are monsters nearby!
Unknown command.
You feel very mighty all of a sudden. You block the orc's attack.
The orc warrior hits you with a flail!
You die...

#....# ##.....## ..##
##...))).# #### #..#
#..#'#.).####....
##.####.##.##..........
#..#...#.g.#...#.#....
##...####'####...# .
.....## #gg. ##..#
.....#gg+... #.(#
.....## #...# #@.#
###... ###+## #oo.#
#.... .....# ##...
#.#.... ###. #..#..###
... #.(. ... #... ###
#...


You could see an orc warrior and an orc.

Vanquished Creatures
  2 adders (D:2)
  2 dart slugs (D:1)
  A leopard gecko (D:1)
  2 orcs (D:2)
  3 giant cockroaches
  9 goblins
  7 hobgoblins
  3 kobolds (D:1)
  2 bats
  A frilled lizard (D:1)
  3 rats (D:1)
35 creatures vanquished.

Notes
Turn   | Place    | Note
-------+----------+-------------------------------------------
     0 | D:1      | Kairos the Vine Stalker Fighter began the quest for the
                  | Orb.
     0 | D:1      | Reached XP level 1. HP: 11/11 MP: 2/2
    46 | D:1      | Reached XP level 2. HP: 16/16 MP: 3/3
   334 | D:1      | Reached XP level 3. HP: 19/19 MP: 4/4
   613 | D:2      | Gained mutation: Your natural rate of healing is unusually
                  | fast. [Vine Stalker growth]
   613 | D:2      | Reached XP level 4. HP: 2/24 MP: 2/5
   824 | D:2      | Noticed an orc warrior
   833 | D:2      | Slain by an orc warrior

Skill      XL: |  1  2  3 |
---------------+----------+-----
Axes           | 2 |  2.3
Armour         | 3 |  3.0
Shields        | 3 |  3.0
Fighting       | 3 |  3.2
Stealth        | |  0.1

Action                   |  1- 3 |  4- 6 || total
-------------------------+-------+-------++-------
Melee: War axe           |    80 |     7 ||    87
       Bite              |    23 |     2 ||    25
  Use: Potion            |       |     1 ||     1
Armor: Scale mail        |    10 |       ||    10
       Chain mail        |    28 |     2 ||    30
Dodge: Dodged            |    19 |     4 ||    23
Block: Shield            |    47 |     4 ||    51
